Workbook
Name CEE: #REF!
Name CEE: #REF!
Name CONCTOSIMP123: #REF!
Name CONCTOSIMP123: #REF!
Name CUAD002DD: [1]Salarios!#REF!
Name CUAD002DD: [2]Salarios!#REF!
Name EE: #REF!
Name EE: #REF!
Name OO: [1]Salarios!#REF!
Name OO: [2]Salarios!#REF!

Sheet PRESUPUESTO FACHADA LUIS ARANGO
B2: PRESUPUESTO FACHADA LUIS ARANGO
B6: ÍTEM | C6: DESCRIPCIÓN | D6: UN | E6: CANTIDAD | F6: VR. UNITARIO | G6: VR. TOTAL
B7: 1 | C7: PRELIMINARES
B8: 1.1 | C8: Alistado de superficie para pintura | D8: m2 | E8: =E18+E31+E26 -> 370.5 | F8: ='APU FACHADA LUIS ARANGO'!G24 -> 6657.715 | G8: =E8*F8 -> 2466683.4
C9: Subtotal de preliminares | G9: =SUM(G8:G8) -> 2466683.4
B11: PINTURA MÓDULO ADMINISTRATIVO EXTERIOR
B12: 2 | C12: PINTURA Módulo Admon
B13: 2.1 | C13: Acabado en graniplast incluye impermeabilizante | D13: m2 | E13: =E14+E15+E17 -> 129 | F13: ='APU FACHADA LUIS ARANGO'!G36 -> 30020.412 | G13: =E13*F13 -> 3872633.2
B14: 2.2 | C14: Pintura Acrilica para exterior, Color Blanco | D14: m2 | E14: 67.39 | F14: ='APU FACHADA LUIS ARANGO'!G48 -> 31533.294 | G14: =E14*F14 -> 2125028.7
B15: 2.3 | C15: Pintura Acrilica para exterior, Color Amarillo | D15: m2 | E15: 26.61 | F15: ='APU FACHADA LUIS ARANGO'!G60 -> 31533.294 | G15: =E15*F15 -> 839100.95
B16: 2.4 | C16: Pintura Acrilica para exterior, Color Ceiba Clara | D16: m2 | E16: 7.28 | F16: ='APU FACHADA LUIS ARANGO'!G72 -> 31533.294 | G16: =E16*F16 -> 229562.38
B17: 2.5 | C17: Pintura Acrilica para exterior, Color Caudal Puro | D17: m2 | E17: 35 | F17: ='APU FACHADA LUIS ARANGO'!G84 -> 31533.294 | G17: =E17*F17 -> 1103665.3
C18: Subtotal pintura | E18: =SUM(E14:E17) -> 136.28 | G18: =SUM(G13:G17) -> 8169990.5
B20: PINTURA MÓDULO SALONES
B21: 3 | C21: PINTURA Módulo Salones
B22: 3.1 | C22: Pintura Acrilica para exterior, Color Blanco | D22: m2 | E22: 41.22 | F22: ='APU FACHADA LUIS ARANGO'!G98 -> 31533.294 | G22: =E22*F22 -> 1299802.4
B23: 3.2 | C23: Pintura Acrilica para exterior, Color Amarillo | D23: m2 | E23: 24.1 | F23: ='APU FACHADA LUIS ARANGO'!G110 -> 31533.294 | G23: =E23*F23 -> 759952.39
B24: 3.3 | C24: Pintura Acrilica para exterior, Color Ceiba Clara | D24: m2 | E24: 18.9 | F24: ='APU FACHADA LUIS ARANGO'!G122 -> 31533.294 | G24: =E24*F24 -> 595979.26
B25: 3.4 | C25: Pintura Acrilica para exterior, Color Caudal Puro | D25: m2 | E25: 15.6 | F25: ='APU FACHADA LUIS ARANGO'!G134 -> 31533.294 | G25: =E25*F25 -> 491919.39
C26: Subtotal pintura | E26: =SUM(E22:E25) -> 99.82 | G26: =SUM(G22:G25) -> 3147653.4
B28: 4 | C28: MURALES
B29: 4.1 | C29: Mural escalera 1 | D29: m2 | E29: 67.2 | F29: ='APU FACHADA LUIS ARANGO'!G149 -> 77650.68 | G29: =E29*F29 -> 5218125.7
B30: 4.2 | C30: Mural escalera 2 | D30: m2 | E30: 67.2 | F30: ='APU FACHADA LUIS ARANGO'!G162 -> 77650.68 | G30: =E30*F30 -> 5218125.7
C31: Subtotal Murales | E31: =SUM(E29:E30) -> 134.4 | G31: =SUM(G29:G30) -> 10436251
C34: SUBTOTAL PRESUPUESTO | G34: =G9+G18+G26+G31 -> 24220579
B35: ADMINISTRACIÓN | F35: =AIU!C53 -> 0.26 | G35: =G34*F35 -> 6297350.5
B36: IMPREVISTOS | F36: =AIU!C54 -> 0.01 | G36: =G34*F36 -> 242205.79
B37: UTILIDAD | F37: =AIU!C55 -> 0.05 | G37: =G34*F37 -> 1211028.9
B38: TOTAL PRESUPUESTO | G38: =G34+G35+G36+G37 -> 31971164
C39: Elaboró:
C40: ING JUAN SEBASTIAN ECHVERRY HERNANDEZ
C41: Profesional Contratista Infraestructura La Tebaida
C42: 45229

Sheet APU FACHADA LUIS ARANGO
C2: ALCALDIA MUNICIPAL
C4: SECRETARIA DE INFRAESTRUCTURA
C6: LA TEBADIA, QUINDIO
B9: PROYECTO: | C9: PINTURA FACHA INSTITUCION EDUCATIVA LUIS ARANGO | G9: OCTUBRE, 2023
B10: POR: | C10: SECRETARIA DE INFRAESTRUCTURA MUNICIPAL | F10: FECHA
B12: PINTURA FACHADA INSTITUCION EDUCATIVA LUIS ARANGO
B14: 1.0 PRELIMINARES
B16: ÍTEM | C16: NOMBRE | G16: UNIDAD
B17: 1.1 | C17: ALISTADO DE SUPERFICIE PARA PINTURA | G17: M2
B18: MATERIALES E INSUMOS
B19: DESCRIPCIÓN | D19: UNIDAD | E19: CANTIDAD | F19: VR UNITARIO | G19: VR PARCIAL
B20: LIJA DE AGUA | D20: UND | E20: 1 | F20: 1300 | G20: =E20*F20 -> 1300
B21: ESPATULA | D21: UND | E21: 0.5 | F21: 6930 | G21: =E21*F21 -> 3465
B22: CUADRILLA PINTURA | D22: H/C | E22: 0.05 | F22: 34413 | G22: =E22*F22 -> 1720.65
B23: HERRAMIENTA MENOR | D23: % H/C | E23: 0.1 | F23: =G22 -> 1720.65 | G23: =E23*F23 -> 172.065
B24: VALOR MATERIALES E INSUMOS | G24: =SUM(G20:G23) -> 6657.715
B26: 2.0 PINTURA ADMINISTRATIVO EXTERIOR
B28: ÍTEM | C28: NOMBRE | G28: UNIDAD
B29: 2.1 | C29: ACABADO EN GRANIPLAST INCLUYE IMPERMEABILIZANTE | G29: M2
B30: MATERIALES E INSUMOS
B31: DESCRIPCIÓN | D31: UNIDAD | E31: CANTIDAD | F31: VR UNITARIO | G31: VR PARCIAL
B32: GRANIPLAST IMPERMEABILIZADO | D32: CÑ | E32: 0.13 | F32: 92900 | G32: =E32*F32 -> 12077
B33: ANDAMIO TUBULAR DE 1.5 M (SECCION) | D33: DIA | E33: 4.5 | F33: 1980 | G33: =E33*F33 -> 8910
B34: CUADRILLA ALBAÑILERIA (1 OFC + 2 AYD) | D34: H/C | E34: 0.25 | F34: 34413 | G34: =E34*F34 -> 8603.25
B35: HERRAMIENTA MENOR | D35: % H/C | E35: 0.05 | F35: =G34 -> 8603.25 | G35: =E35*F35 -> 430.1625
B36: VALOR MATERIALES E INSUMOS | G36: =SUM(G32:G35) -> 30020.412
B38: ÍTEM | C38: NOMBRE | G38: UNIDAD
B39: 2.2 | C39: Pintura Acrilica para exterior, Color Blanco | G39: M2
B40: MATERIALES E INSUMOS
B41: DESCRIPCIÓN | D41: UNIDAD | E41: CANTIDAD | F41: VR UNITARIO | G41: VR PARCIAL
B42: Pintura Acrilica para exterior, Color Blanco a 3 manos | D42: GAL | E42: 0.07 | F42: 88700 | G42: =E42*F42 -> 6209
B43: ANDAMIO TUBULAR DE 1.5 M (SECCION) | D43: DIA | E43: 0.96 | F43: 1980 | G43: =E43*F43 -> 1900.8
B44: RODILLO DE FELPA 9" | D44: UND | E44: 0.02 | F44: 13900 | G44: =E44*F44 -> 278
B45: BROCHA | D45: UND | E45: 0.1 | F45: 11900 | G45: =E45*F45 -> 1190
B46: CUADRILLA PINTURA | D46: H/C | E46: 0.58 | F46: 34413 | G46: =E46*F46 -> 19959.54
B47: HERRAMIENTA MENOR | D47: % H/C | E47: 0.1 | F47: =G46 -> 19959.54 | G47: =E47*F47 -> 1995.954
B48: VALOR MATERIALES E INSUMOS | G48: =SUM(G42:G47) -> 31533.294
B50: ÍTEM | C50: NOMBRE | G50: UNIDAD
B51: 2.3 | C51: Pintura Acrilica para exterior, Color Amarillo | G51: M2
B52: MATERIALES E INSUMOS
B53: DESCRIPCIÓN | D53: UNIDAD | E53: CANTIDAD | F53: VR UNITARIO | G53: VR PARCIAL
B54: Pintura Acrilica para exterior, Color Amarillo a 3 manos | D54: GAL | E54: 0.07 | F54: 88700 | G54: =E54*F54 -> 6209
B55: ANDAMIO TUBULAR DE 1.5 M (SECCION) | D55: DIA | E55: 0.96 | F55: 1980 | G55: =E55*F55 -> 1900.8
B56: RODILLO DE FELPA 9" | D56: UND | E56: 0.02 | F56: 13900 | G56: =E56*F56 -> 278
B57: BROCHA | D57: UND | E57: 0.1 | F57: 11900 | G57: =E57*F57 -> 1190
B58: CUADRILLA PINTURA | D58: H/C | E58: 0.58 | F58: 34413 | G58: =E58*F58 -> 19959.54
B59: HERRAMIENTA MENOR | D59: % H/C | E59: 0.1 | F59: =G58 -> 19959.54 | G59: =E59*F59 -> 1995.954
B60: VALOR MATERIALES E INSUMOS | G60: =SUM(G54:G59) -> 31533.294
B62: ÍTEM | C62: NOMBRE | G62: UNIDAD
B63: 2.4 | C63: Pintura Acrilica para exterior, Color Ceiba Clara | G63: M2
B64: MATERIALES E INSUMOS
B65: DESCRIPCIÓN | D65: UNIDAD | E65: CANTIDAD | F65: VR UNITARIO | G65: VR PARCIAL
B66: Pintura Acrilica para exterior, Color Ceiba Clara a 3 manos | D66: GAL | E66: 0.07 | F66: 88700 | G66: =E66*F66 -> 6209
B67: ANDAMIO TUBULAR DE 1.5 M (SECCION) | D67: DIA | E67: 0.96 | F67: 1980 | G67: =E67*F67 -> 1900.8
B68: RODILLO DE FELPA 9" | D68: UND | E68: 0.02 | F68: 13900 | G68: =E68*F68 -> 278
B69: BROCHA | D69: UND | E69: 0.1 | F69: 11900 | G69: =E69*F69 -> 1190
B70: CUADRILLA PINTURA | D70: H/C | E70: 0.58 | F70: 34413 | G70: =E70*F70 -> 19959.54
B71: HERRAMIENTA MENOR | D71: % H/C | E71: 0.1 | F71: =G70 -> 19959.54 | G71: =E71*F71 -> 1995.954
B72: VALOR MATERIALES E INSUMOS | G72: =SUM(G66:G71) -> 31533.294
B74: ÍTEM | C74: NOMBRE | G74: UNIDAD
B75: 2.5 | C75: Pintura Acrilica para exterior, Color Caudal Puro | G75: M2
B76: MATERIALES E INSUMOS
B77: DESCRIPCIÓN | D77: UNIDAD | E77: CANTIDAD | F77: VR UNITARIO | G77: VR PARCIAL
B78: Pintura Acrilica para exterior, Color Caudal Puro a 3 manos | D78: GAL | E78: 0.07 | F78: 88700 | G78: =E78*F78 -> 6209
B79: ANDAMIO TUBULAR DE 1.5 M (SECCION) | D79: DIA | E79: 0.96 | F79: 1980 | G79: =E79*F79 -> 1900.8
B80: RODILLO DE FELPA 9" | D80: UND | E80: 0.02 | F80: 13900 | G80: =E80*F80 -> 278
B81: BROCHA | D81: UND | E81: 0.1 | F81: 11900 | G81: =E81*F81 -> 1190
B82: CUADRILLA PINTURA | D82: H/C | E82: 0.58 | F82: 34413 | G82: =E82*F82 -> 19959.54
B83: HERRAMIENTA MENOR | D83: % H/C | E83: 0.1 | F83: =G82 -> 19959.54 | G83: =E83*F83 -> 1995.954
B84: VALOR MATERIALES E INSUMOS | G84: =SUM(G78:G83) -> 31533.294
B86: 3.0 PINTURA MODULO SALONES
B88: ÍTEM | C88: NOMBRE | G88: UNIDAD
B89: 3.1 | C89: Pintura Acrilica para exterior, Color Blanco | G89: M2
B90: MATERIALES E INSUMOS
B91: DESCRIPCIÓN | D91: UNIDAD | E91: CANTIDAD | F91: VR UNITARIO | G91: VR PARCIAL
B92: Pintura Acrilica para exterior, Color Blanco a 3 manos | D92: GAL | E92: 0.07 | F92: 88700 | G92: =E92*F92 -> 6209
B93: ANDAMIO TUBULAR DE 1.5 M (SECCION) | D93: DIA | E93: 0.96 | F93: 1980 | G93: =E93*F93 -> 1900.8
B94: RODILLO DE FELPA 9" | D94: UND | E94: 0.02 | F94: 13900 | G94: =E94*F94 -> 278
B95: BROCHA | D95: UND | E95: 0.1 | F95: 11900 | G95: =E95*F95 -> 1190
B96: CUADRILLA PINTURA | D96: H/C | E96: 0.58 | F96: 34413 | G96: =E96*F96 -> 19959.54
B97: HERRAMIENTA MENOR | D97: % H/C | E97: 0.1 | F97: =G96 -> 19959.54 | G97: =E97*F97 -> 1995.954
B98: VALOR MATERIALES E INSUMOS | G98: =SUM(G92:G97) -> 31533.294
B100: ÍTEM | C100: NOMBRE | G100: UNIDAD
B101: 3.2 | C101: Pintura Acrilica para exterior, Color Amarillo | G101: M2
B102: MATERIALES E INSUMOS
B103: DESCRIPCIÓN | D103: UNIDAD | E103: CANTIDAD | F103: VR UNITARIO | G103: VR PARCIAL
B104: Pintura Acrilica para exterior, Color Amarillo a 3 manos | D104: GAL | E104: 0.07 | F104: 88700 | G104: =E104*F104 -> 6209
B105: ANDAMIO TUBULAR DE 1.5 M (SECCION) | D105: DIA | E105: 0.96 | F105: 1980 | G105: =E105*F105 -> 1900.8
B106: RODILLO DE FELPA 9" | D106: UND | E106: 0.02 | F106: 13900 | G106: =E106*F106 -> 278
B107: BROCHA | D107: UND | E107: 0.1 | F107: 11900 | G107: =E107*F107 -> 1190
B108: CUADRILLA PINTURA | D108: H/C | E108: 0.58 | F108: 34413 | G108: =E108*F108 -> 19959.54
B109: HERRAMIENTA MENOR | D109: % H/C | E109: 0.1 | F109: =G108 -> 19959.54 | G109: =E109*F109 -> 1995.954
B110: VALOR MATERIALES E INSUMOS | G110: =SUM(G104:G109) -> 31533.294
B112: ÍTEM | C112: NOMBRE | G112: UNIDAD
B113: 3.3 | C113: Pintura Acrilica para exterior, Color Ceiba Clara | G113: M2
B114: MATERIALES E INSUMOS
B115: DESCRIPCIÓN | D115: UNIDAD | E115: CANTIDAD | F115: VR UNITARIO | G115: VR PARCIAL
B116: Pintura Acrilica para exterior, Color Ceiba Clara a 3 manos | D116: GAL | E116: 0.07 | F116: 88700 | G116: =E116*F116 -> 6209
B117: ANDAMIO TUBULAR DE 1.5 M (SECCION) | D117: DIA | E117: 0.96 | F117: 1980 | G117: =E117*F117 -> 1900.8
B118: RODILLO DE FELPA 9" | D118: UND | E118: 0.02 | F118: 13900 | G118: =E118*F118 -> 278
...

Sheet AIU
A1: ALCALDÍA MUNICIPAL SECRETARÍA DE INFRAESTRUCTURA LA TEBAIDA, QUINDÍO
A3: CÁLCULO DEL AIU
F4: Fecha: octubre, 2023
A6: 1. CÁLCULO DE LA ADMINSITRACIÓN: A
A7: 1.1. Gastos de personal
A9: PLAZO PROMEDIO CONTRATO | C9: 15 | D9: DÍAS CALENDARIO
A10: VALOR MÁXIMO FACTURADO MENSUAL | C10: ='PRESUPUESTO FACHADA LUIS ARANGO'!G34 -> 24220579 | D10: $/MES
A12: PERSONAL TÉCNICO Y ADMINISTRATIVO (INCLUYE PRESTACIONES SOCIALES)
A13: DESCRIPCIÓN | B13: UNIDAD | C13: CANTIDAD | D13: % DEDICACIÓN | E13: COSTO | F13: VALOR TOTAL | G13: % PARTICIPACIÓN
A14: Director de obra | B14: Mes | C14: 1 | D14: 0.2 | E14: 3500000 | F14: =E14*D14 -> 700000 | G14: =F14/$C$10 -> 0.028901044
A15: Residente de Obra | B15: Mes | C15: 1 | D15: 1 | E15: 2300000 | F15: =E15*D15 -> 2300000 | G15: =F15/$C$10 -> 0.094960572
A16: Inspector SISO | B16: Mes | C16: 1 | D16: 1 | E16: 1900000 | F16: =E16*D16 -> 1900000 | G16: =F16/$C$10 -> 0.07844569
A17: Subtotal Mensual personal técnico y administrativo: | F17: =SUM(F14:F16) -> 4900000 | G17: =SUM(G14:G16) -> 0.2023073
A20: 1.3. Gastos de legalización del contrato | C20: 0.006
A22: 1.4. Descuentos en cuentas de cobro
A24: Tasa prodeporte y recreación | B24: 0.015
A25: Estampilla Pro-cultura | B25: 0.01
A26: Estampilla Pro-hospital | B26: 0.02
A27: Estampilla Pro-adulto mayor | B27: 0.04
A28: Retención de la fuente | B28: 0.02
A29: Rete ICA Contratos Obra | B29: 0.008
A30: Contribución especial sobre contratos | B30: 0.05
A31: Total descuentos | B31: =SUM(B24:B30) -> 0.163
A34: RESUMEN FACTOR A DEL AIU | B34: %
A35: 1.1. Gastos de personal | B35: =+G17 -> 0.2023073
A36: 1.3. Gastos de legalización del contrato | B36: =+C20 -> 0.006
A37: 1.4. Descuentos en cuentas de cobro | B37: =+B31 -> 0.163
A38: TOTAL FACTOR A | B38: =ROUNDDOWN((SUM(B35:B37)),2) -> 0.37
A41: 2. CÁLCULO DE IMPREVISTOS: I
A43: Se asigna un valor a los imprevistos del 1% de acuerdo con la experiencia obtenida en esta clase de obras puede cubrir este factor de riesgo
A46: 3. CÁLCULO DE LA UTILIDAD: U
A48: Se asigna un valor a La utilidad del 5% con el cual se consideran satisfechas las pretenciones del contratista en el desarrollo de la actividad.
A52: RESUMEN DEL CÁLCULO DEL A.I.U. | C52: %
A53: Por Administración | B53: A | C53: 0.26
A54: Por Imprevistos | B54: I | C54: 0.01
A55: Por Utilidades | B55: U | C55: 0.05
A56: VALOR TOTAL DEL AIU | C56: =SUM(C53:C55) -> 0.32
